 Dungeon Crawl Stone Soup version 0.31-a0-986-g5e6e4ef867 (webtiles) character file.

Game seed: 4491135552928184779

61524 serber55 the Frost Mage (level 14, 0/126 HPs)
             Began as a Demonspawn Ice Elementalist on Oct 31, 2023.
             Was an Initiate of Gozag.
             Slain by Rupert
             ... wielding a +3 heavy battleaxe
              (28 damage)
             ... on level 12 of the Dungeon on Nov 4, 2023.
             The game lasted 02:04:32 (26401 turns).

serber55 the Frost Mage (DsIE)                     Turns: 26401, Time: 02:04:33

Health: 0/126      AC: 13    Str:  8    XL:     14   Next: 60%
Magic:  38/38      EV: 20    Int: 21    God:    Gozag
Gold:   3193       SH:  0    Dex: 21    Spells: 9/36 levels left

rFire   + . .        Q - +3 demon whip (chaos)
rCold   . . .        (no shield)
rNeg    . . .        N - +2 robe {rF+}
rPois   .            (helmet restricted)
rElec   +            O - +0 cloak
rCorr   .            a - +1 pair of gloves {infuse}
SInv    .            J - +1 pair of boots
Will    +....        (no amulet)
Stlth   +            j - +6 ring of dexterity
HPRegen 0.41/turn    s - ring of magical power
MPRegen 0.26/turn

%: random rage (3%), infuse magic (1 MP)
@: confused
A: antennae 2, thin metallic scales 3, robust 1, demonic magic 2, berserk 1, no
potion heal 1, inability to read after injury 1
a: Renounce Religion, Potion Petition, Call Merchant, Bribe Branch


You were on level 12 of the Dungeon.
You worshipped Gozag.
Gozag was most pleased with you.
You visited 4 branches of the dungeon, and saw 20 of its levels.
You also visited: Bailey.

You collected 6821 gold pieces.
You spent 1259 gold pieces at shops.
You paid 2369 gold pieces to Gozag.

Inventory:

Hand Weapons
 l - a +4 dagger of flaming
 Q - a +3 demon whip of chaos (weapon)
Missiles
 d - 2 atropa-tipped darts
Armour
 a - a +1 pair of gloves of infusion (worn)
 J - a +1 pair of boots (worn)
 N - a +2 robe of fire resistance (worn)
 O - a +0 cloak (worn)
Jewellery
 j - a +6 ring of dexterity (left hand)
 s - a ring of magical power (right hand)
 x - a ring of resist corrosion
 z - a ring of willpower
 R - a ring of poison resistance
 V - a ring of see invisible
Wands
 c - a wand of mindburst (2)
 n - a wand of polymorph (5)
 q - a wand of quicksilver (14)
 u - a wand of flame (19) (quivered)
 y - a wand of charming (6)
 D - a wand of iceblast (4)
Scrolls
 g - 3 scrolls of fog
 m - 5 scrolls of teleportation
 B - 2 scrolls of torment
 C - a scroll of fear
 G - 4 scrolls of immolation
 I - 8 scrolls of identify
 K - a scroll of silence
 M - 3 scrolls of poison
 P - 3 scrolls of blinking
 S - a scroll of revelation
Potions
 b - a potion of magic
 e - a potion of lignification
 h - a potion of enlightenment
 k - 4 potions of curing
 o - 3 potions of cancellation
 p - 2 potions of brilliance
 r - 2 potions of might
 t - a potion of berserk rage
 v - a potion of invisibility
 A - 3 potions of haste
 F - 3 potions of heal wounds
 L - a potion of resistance


   Skills:
 + Level 12.2 Fighting
 + Level 11.4 Dodging
 - Level 1.7 Stealth
 + Level 11.5 Spellcasting
 * Level 14.9 Ice Magic


You had 9 spell levels left.
You knew the following spells:

 Your Spells              Type           Power      Damage    Failure   Level
a - Freeze                Ice            100%       1d10      0%          1
b - Frozen Ramparts       Ice            100%       1d16      1%          3
c - Ozocubu's Armour      Ice            66%        N/A       1%          3
d - Summon Ice Beast      Ice/Summ       43%        N/A       2%          4
e - Ozocubu's Refrigerat  Ice            33%        4d14      10%         7
f - Polar Vortex          Ice            33%        12d4*     100%        9

Your spell library contained the following spells:

 Spells                   Type           Power      Damage    Failure   Level
 Sting                    Tmut/Pois      48%        1d5       5%          1
 Poisonous Vapours        Pois/Air       24%        N/A       9%          2
 Sublimation of Blood     Necr           12%        N/A       9%          2
 Call Canine Familiar     Summ           12%        N/A       17%         3
 Olgreb's Toxic Radiance  Pois           12%        N/A       50%         4
 Petrify                  Tmut/Erth      12%        N/A       50%         4
 Irradiate                Conj/Tmut      6%         3d13      83%         5
 Spellforged Servitor     Conj/Summ      6%         N/A       100%        7
 Summon Hydra             Summ           6%         N/A       100%        7
 Simulacrum               Ice/Necr       Unusable   N/A       N/A         6

Dungeon Overview and Level Annotations

Branches:
Dungeon (12/15)            Temple (1/1) D:4            Lair (5/5) D:11
 Shoals (0/4) Lair:2        Snake (0/4) Lair:2        Slime (0/5) Lair:5
    Orc (2/2) D:10            Elf (0/3) Orc:2        Bailey (visited)

Altars:
Ashenzari
Cheibriados
Dithmenos
Fedhas
Gozag
Hepliaklqana
Kikubaaqudgha
Makhleb
Nemelex Xobeh
Okawaru
Qazlal
Ru
Sif Muna
Trog
Uskayaw
Vehumet
Wu Jian
Xom
Yredelemnul
Jiyva

Shops:
D:11 [   Orc:1 :   Orc:2 ([!(   Lair:2 :?

Portals:
Hell: Lair:5
Trove: D:11 (give horn of Geryon)

Annotations:
D:12 Rupert


Innate Abilities, Weirdness & Mutations

You have a pair of antennae on your head.
You are completely covered in thin metallic scales. (AC +4, rElec)
You are robust. (+10% HP)
Spells you cast may paralyse nearby enemies.
You sometimes lose your temper in combat.
Potions are less effective at restoring your health.
You occasionally lose the ability to read scrolls when taking damage.


Message History

Rupert roars wildly at you.
You are more confused.
Rupert looks more energetic.
Rupert yells loudly at you.
You are more confused.
You bump into the rock wall.
Rupert roars wildly at you.
You struggle to resist.
You're too confused to move!
Rupert roars wildly at you.
You suddenly lose the ability to move!
You feel less invigorated. Rupert yells loudly at you.
You shrug off the repeated paralysis!
Rupert hits you with a +3 heavy battleaxe!!
* * * LOW HITPOINT WARNING * * *
Rupert yells loudly at you.
You struggle to resist.
You can move again.
Unknown command.
You're too confused to cast spells.
Okay, then.
Rupert roars wildly at you.
You shrug off the repeated paralysis!
You miss Rupert.
Rupert is almost dead.
Rupert hits you with a +3 heavy battleaxe!!
* * * LOW HITPOINT WARNING * * *
Your system partially rejects the healing.
You feel much better. Rupert misses you.
Your system partially rejects the healing.
You feel much better.
Rupert hits you with a +3 heavy battleaxe!
* * * LOW HITPOINT WARNING * * *
Rupert closely misses you.
You bump into the rock wall.
Rupert hits you with a +3 heavy battleaxe!!
You die...
Rupert roars with triumph.
Your body crumbles into a pile of gold.

...........###.######V..####
##.##.).##.#....)..ยง.....$.
#.###.####.#####.##...####
##.###.# ### #.# ####
######...##.# #{#
............# #.#
######...#### #.# #######.##
########.# ........#
#.@@{....# #######.#
#.######## # #.# #.# ####
#.# #.# ...####.### #.# #.#
..........# #.# #.#
.#.####.#.# #.# #.# ##.#
#.#.# #.# #.# ##.# #...#
#.###############.#


You could see Rupert (fast, agile).

Vanquished Creatures
  The ghost of zenocrate the Nimble, a journeyman DrSh of Dithmenos (Lair:4)
  Erolcha (Orc:1)
  3 hydras
  A boulder beetle (D:12)
  A death yak (Lair:5)
  3 two-headed ogres
  An occultist (Lair:5)
  4 skysharks
  Amaemon (Lair:1)
  A sixfirhy (Lair:5)
  3 orc knights
  A lindwurm (Lair:3)
  A deep elf pyromancer (D:12)
  2 ugly things
  2 cyclopes (D:12)
  A water nymph (Lair:2)
  3 torpor snails (Lair:5)
  A black mamba (Lair:4)
  13 cane toads
  2 orange demons
  A smoke demon (Lair:5)
  A gargoyle (D:11)
  Joseph (D:9)
  3 unseen horrors
  2 kobold demonologists
  5 rime drakes
  An ice devil (Lair:5)
  15 komodo dragons
  3 red devils (Lair:5)
  2 polar bears
  6 trolls
  14 blink frogs
  A merfolk (Lair:2)
  A dream sheep (Lair:4)
  4 wyverns
  38 yaks
  2 nameless horrors
  2 vampires
  3 basilisks
  3 wraiths
  Grum (D:8)
  2 steam dragons
  5 hell hounds (Lair:5)
  A naga (Lair:2)
  25 water moccasins
  An ice beast (D:7)
  7 black bears
  29 orc warriors
  A sky beast (D:6)
  12 ogres
  17 wolves
  13 centaurs
  10 bullfrogs
  3 kobold brigands
  3 gnoll sergeants
  9 scorpions
  17 wights
  A howler monkey (D:6)
  4 hounds
  13 orc priests
  A sleepcap (D:6)
  7 jellies
  An iron imp (D:7)
  3 iguanas
  17 orc wizards
  12 adders
  11 gnolls
  3 shadow imps
  A white imp (D:8)
  A dart slug (D:3)
  86 orcs
  6 endoplasms
  8 giant cockroaches
  9 goblins
  6 hobgoblins
  A quokka (D:4)
  4 ball pythons
  3 bats
  3 frilled lizards
  21 kobolds
  A rat (D:1)
  2 butterflies
535 creatures vanquished.

Vanquished Creatures (collateral kills)
  2 hydras
  A catoblepas (Lair:1)
  4 two-headed ogres
  A skyshark (Lair:4)
  A blink frog (Lair:4)
  6 yaks
  A basilisk (Lair:4)
  6 orc warriors
  An ogre (D:10)
  2 wolves (Lair:4)
  2 centaurs (Orc:2)
  2 kobold brigands (D:10)
  A bullfrog (D:11)
  3 scorpions (D:11)
  A wight (D:9)
  A killer bee (D:11)
  5 orc priests
  An orc wizard (Orc:1)
  A gnoll (D:9)
  3 shadow imps (D:7)
  8 orcs
  A giant cockroach (D:11)
  3 kobolds (D:10)
  A butterfly (D:11)
58 creatures vanquished.

Grand Total: 593 creatures vanquished

Notes
Turn   | Place    | Note
-------+----------+-------------------------------------------
     0 | D:1      | serber55 the Demonspawn Ice Elementalist began the quest
                  | for the Orb.
     0 | D:1      | Reached XP level 1. HP: 13/13 MP: 3/3
   584 | D:1      | Gained mutation: You are partially covered in thin metallic
                  | scales. (AC +2) [demonic ancestry]
   584 | D:1      | Reached XP level 2. HP: 18/20 MP: 5/5
   591 | D:1      | Found a faded altar of an unknown god.
  1015 | D:2      | Reached skill level 4 in Ice Magic
  1023 | D:2      | Reached skill level 1 in Fighting
  1082 | D:2      | Gained mutation: You are mostly covered in thin metallic
                  | scales. (AC +3) [demonic ancestry]
  1082 | D:2      | Reached XP level 3. HP: 26/26 MP: 6/6
  1087 | D:2      | Learned a level 3 spell: Frozen Ramparts
  1160 | D:2      | Found a hazy altar of Hepliaklqana.
  1468 | D:3      | Found a basalt altar of Yredelemnul.
  2031 | D:3      | Reached XP level 4. HP: 32/32 MP: 7/7
  2035 | D:3      | Learned a level 3 spell: Ozocubu's Armour
  2417 | D:4      | Reached XP level 5. HP: 37/38 MP: 3/9
  2540 | D:4      | Found a stormy altar of Qazlal.
  2809 | D:4      | Reached skill level 5 in Ice Magic
  2809 | D:4      | Gained mutation: Spells you cast may paralyse adjacent
                  | enemies. [demonic ancestry]
  2809 | D:4      | Reached XP level 6. HP: 31/46 MP: 6/10
  2994 | D:4      | Found a staircase to the Ecumenical Temple.
  2999 | Temple   | Entered the Ecumenical Temple
  3082 | Temple   | Became a worshipper of Gozag Ym Sagoz the Greedy
  3469 | D:5      | Identified the of Osylanku
  3469 | D:5      | Entered Level 5 of the Dungeon
  3712 | D:5      | Found a bloodstained altar of Trog.
  3721 | D:5      | Gained mutation: You have a pair of small antennae on your
                  | head. [demonic ancestry]
  3721 | D:5      | Reached XP level 7. HP: 50/52 MP: 3/12
  3971 | D:5      | Found a radiant altar of Vehumet.
  3977 | D:5      | Reached skill level 6 in Ice Magic
  4033 | D:5      | Found an iron altar of Okawaru.
  4051 | D:5      | Found a sacrificial altar of Ru.
  4376 | D:6      | Reached XP level 8. HP: 42/60 MP: 6/14
  4403 | D:6      | Identified the +1 helmet of the Flute {Int+3 Dex+3}
  4709 | D:6      | Reached skill level 7 in Ice Magic
  5558 | D:7      | Reached skill level 5 in Spellcasting
  5616 | D:7      | Noticed a two-headed ogre
  5627 | D:7      | Killed a two-headed ogre
  5628 | D:7      | Reached skill level 5 in Fighting
  5628 | D:7      | Reached skill level 5 in Dodging
  5628 | D:7      | Reached skill level 8 in Ice Magic
  5628 | D:7      | Reached XP level 9. HP: 57/68 MP: 7/17
  5821 | D:7      | Found a transporter.
  5825 | D:7      | Noticed a kobold demonologist
  5837 | D:7      | Killed a kobold demonologist
  5843 | D:7      | Learned a level 4 spell: Summon Ice Beast
  6005 | D:7      | Found a transporter.
  6020 | D:7      | Gained mutation: Your body sometimes deteriorates upon
                  | taking damage. [potion of mutation]
  6020 | D:7      | Gained mutation: Your flesh is cold resistant. (rC+)
                  | [potion of mutation]
  6021 | D:7      | Lost mutation: Your flesh is cold resistant. (rC+) [potion
                  | of mutation]
  6021 | D:7      | Lost mutation: Your body sometimes deteriorates upon taking
                  | damage. [potion of mutation]
  6021 | D:7      | Gained mutation: You occasionally lose the ability to read
                  | scrolls when taking damage. [potion of mutation]
  6021 | D:7      | Gained mutation: You sometimes lose your temper in combat.
                  | [potion of mutation]
  6021 | D:7      | Gained mutation: Your spells are a little harder to cast,
                  | but a little more powerful. [potion of mutation]
  6021 | D:7      | Gained mutation: You have supernaturally acute eyesight.
                  | (SInv) [potion of mutation]
  6048 | D:7      | Found a snail-covered altar of Cheibriados.
  6535 | D:8      | Found a hide-covered altar of Uskayaw.
  6542 | D:8      | Noticed a +0 hand axe
  6542 | D:8      | Noticed a +0 hand axe
  6935 | D:8      | Noticed Grum
  6939 | D:8      | Reached skill level 9 in Ice Magic
  6941 | D:8      | Killed Grum
  7104 | D:8      | Gained mutation: Spells you cast may paralyse nearby
                  | enemies. [demonic ancestry]
  7104 | D:8      | Reached XP level 10. HP: 66/76 MP: 19/19
  7778 | D:9      | Identified the of Xerupsu
  7835 | D:9      | Noticed a two-headed ogre
  7844 | D:9      | Killed a two-headed ogre
  7870 | D:9      | Found a flagged portal.
  7889 | Bailey   | Entered a bailey
  8211 | Bailey   | Reached skill level 10 in Ice Magic
  8546 | D:9      | Noticed Joseph
  8567 | D:9      | Killed Joseph
  8800 | D:9      | Noticed a two-headed ogre
  8807 | D:9      | Killed a two-headed ogre
  8808 | D:9      | Gained mutation: You are completely covered in thin
                  | metallic scales. (AC +4, rElec) [demonic ancestry]
  8808 | D:9      | Reached XP level 11. HP: 83/84 MP: 20/21
  9367 | D:9      | Noticed a two-headed ogre
  9384 | D:9      | Killed a two-headed ogre
  9555 | D:9      | Reached skill level 11 in Ice Magic
  9805 | D:10     | Entered Level 10 of the Dungeon
  9855 | D:10     | Found a staircase to the Orcish Mines.
 10936 | Orc:1    | Entered Level 1 of the Orcish Mines
 10946 | Orc:1    | Upgraded the game from 0.31-a0-981-geadf994542 to
                  | 0.31-a0-986-g5e6e4ef867
 11400 | Orc:1    | Found Xeedotwe's Vocational Training.
 11548 | Orc:1    | Noticed an orc knight
 11567 | Orc:1    | Killed an orc knight
 11858 | Orc:2    | Entered Level 2 of the Orcish Mines
 11864 | Orc:2    | Noticed Erolcha
 11869 | Orc:2    | Noticed a two-headed ogre
 11936 | Orc:2    | Noticed a two-headed ogre
 11948 | Orc:1    | Killed a two-headed ogre
 12425 | Orc:2    | Noticed an orc knight
 12427 | Orc:2    | Gained mutation: You have a pair of antennae on your head.
                  | [demonic ancestry]
 12427 | Orc:2    | Reached XP level 12. HP: 94/94 MP: 24/24
 12792 | Orc:1    | Reached skill level 12 in Ice Magic
 12796 | Orc:1    | Killed Erolcha
 13030 | Orc:2    | Found a staircase to the Elven Halls.
 13097 | Orc:2    | Killed a two-headed ogre
 13784 | Orc:2    | Found a burning altar of Makhleb.
 13912 | Orc:2    | Found Negycrue's Distillery.
 13912 | Orc:2    | Found Puushagu's Antique Armour Emporium.
 13914 | Orc:2    | Found Woxoirch's Antique Weapon Shoppe.
 13916 | Orc:2    | Found Komir's Weapon Boutique.
 13920 | Orc:2    | Bought a potion of curing for 39 gold pieces
 13920 | Orc:2    | Bought a potion of brilliance for 52 gold pieces
 13920 | Orc:2    | Bought a potion of heal wounds for 65 gold pieces
 13920 | Orc:2    | Bought a potion of curing for 39 gold pieces
 13920 | Orc:2    | Bought a potion of might for 52 gold pieces
 13921 | Orc:2    | Bought a pair of boots for 157 gold pieces
 13928 | Orc:2    | Bought a glowing rapier for 210 gold pieces
 14250 | D:11     | Found a runed translucent door.
 14251 | D:11     | Found a runed translucent door.
 14487 | D:11     | Noticed a two-headed ogre
 14497 | D:11     | Reached skill level 10 in Fighting
 14500 | D:11     | Killed a two-headed ogre
 14624 | D:11     | Found a staircase to the Lair.
 14675 | D:11     | Found a portal to a secret trove of treasure.
 15163 | Lair:1   | Entered Level 1 of the Lair of Beasts
 15254 | Lair:1   | Noticed a catoblepas
 15275 | Lair:1   | Killed a catoblepas
 15716 | Lair:1   | Noticed Amaemon
 15723 | Lair:1   | Reached XP level 13. HP: 102/104 MP: 16/26
 15729 | Lair:1   | Killed Amaemon
 16476 | Lair:2   | Reached skill level 10 in Spellcasting
 16577 | Lair:2   | Bought a scroll of identify for 34 gold pieces
 16577 | Lair:2   | Bought a scroll of identify for 34 gold pieces
 16669 | Lair:2   | Found a staircase to the Snake Pit.
 16987 | Lair:2   | Reached skill level 10 in Dodging
 17986 | Lair:2   | Bought Sif Muna's Tome of Frostbite for 330 gold pieces
 17994 | Lair:2   | Learned a level 7 spell: Ozocubu's Refrigeration
 18020 | Lair:3   | Reached skill level 13 in Ice Magic
 18202 | Lair:3   | Lost mutation: Your spells are a little harder to cast, but
                  | a little more powerful. [potion of mutation]
 18202 | Lair:3   | Lost mutation: You have supernaturally acute eyesight.
                  | (SInv) [potion of mutation]
 18202 | Lair:3   | Gained mutation: You have hidden genetic defects. [potion
                  | of mutation]
 18202 | Lair:3   | Gained mutation: Potions are less effective at restoring
                  | your health. [potion of mutation]
 19093 | Lair:3   | Gained mutation: You are frail. (-10% HP) [hidden defects]
 19831 | Lair:4   | Noticed zenocrate's ghost (journeyman DrSh)
 20030 | Lair:4   | Found a transporter.
 20072 | Lair:4   | Found a transporter.
 20624 | Lair:4   | Gained mutation: You are very frail. (-20% HP) [hidden
                  | defects]
 20624 | Lair:4   | Lost mutation: You have hidden genetic defects. [hidden
                  | defects expressed]
 20727 | Lair:4   | Killed zenocrate's ghost
 20728 | Lair:4   | Reached skill level 14 in Ice Magic
 20903 | Lair:5   | Entered Level 5 of the Lair of Beasts
 20950 | Lair:5   | Lost mutation: You are very frail. (-20% HP) [demonic
                  | ancestry]
 20950 | Lair:5   | Lost mutation: You are frail. (-10% HP) [demonic ancestry]
 20950 | Lair:5   | Gained mutation: You are robust. (+10% HP) [demonic
                  | ancestry]
 20950 | Lair:5   | Reached XP level 14. HP: 76/124 MP: 11/28
 22303 | Lair:5   | Learned a level 9 spell: Polar Vortex
 22614 | Lair:5   | Found a viscous altar of Jiyva.
 22614 | Lair:5   | Found a staircase to the Slime Pits.
 24291 | Lair:5   | Found a burning altar of Makhleb.
 24749 | Lair:5   | Found a gateway to Hell.
 25278 | D:11     | Bought a pair of glowing gloves for 247 gold pieces
 26350 | D:12     | Noticed Rupert
 26390 | D:12     | Paralysed by Rupert for 4 turns
 26401 | D:12     | Slain by Rupert

Illustrated notes

Levels and vault maps discovered:
D:1:      nzn_arrival_crosshair, layout_loops_corners,
          ebering_ecumenical_altar_hall, hangedman_abyss_or_decor_stabs
D:2:      layout_basic, basic_altar, amcnicky_mini_rare_corridor_liquid
D:3:      layout_loops_corners, yredelemnul_altar_generic
D:4:      layout_basic, nicolae_qazlal_general_emergency, temple_doors_e
D:5:      layout_rooms, kennysheep_mini, trog_ov_bears_minmay,
          nicolae_ru_path_of_blood, vehumet_crystals
D:6:      layout_basic, minmay_joined_circles
D:7:      gammafunk_wand_slinger, layout_basic, slow_altar_1
D:8:      layout_basic, dancing_weapons_uskayaw, uniq_grum
D:9:      layout_cave_pods, enter_bailey_4, uniq_joseph
D:10:     layout_big_octagon, zin_academy,
          kennysheep_orc_monster_closet_entryway
D:11:     lemuel_insect_pit, layout_loops_cross, due_lair_maze_entry_diamond,
          nicolae_trove_entry_crossroad
D:12:     layout_loops_ring, nicolae_straight_to_the_point, uniq_rupert
Temple:   nicolae_temple_god_jail
Lair:1:   layout_long_grid, grunt_megastairs_5, uniq_amaemon
Lair:2:   layout_layer_cave, nicolae_shoals_entry_flooding,
          guppyfry_snake_entry_island, serial_bayou_shore_b, lemuel_fruit_fields
Lair:3:   layout_gridlike, grunt_megastairs_1
Lair:4:   layout_cave_pods, nzn_ghost_randoct, lemuel_fruit_tree
Lair:5:   evil_forest, layout_layer_cave, slime_entry_2
Orc:1:    layout_caves, nicolae_shop_vocational
Orc:2:    st_orc_rangers, layout_caves, basic_altar, david_defended_altar_orc,
          uniq_erolcha

Skill      XL: |  1  2  3  4  5  6  7  8  9 10 11 12 13 14 |
---------------+-------------------------------------------+-----
Dodging        | 2 3 4 5 6 7 8 9 10 11 | 11.4
Ice Magic      | 4 5 6 8 9 10 11 12 14 | 14.9
Fighting       | 1 2 3 5 6 7 8 10 11 12 | 12.2
Spellcasting   | 3 4 5 6 7 8 9 10 11 | 11.5
Stealth        | |  1.7

Action                     |  1- 3 |  4- 6 |  7- 9 | 10-12 | 13-15 || total
---------------------------+-------+-------+-------+-------+-------++-------
  Melee: Short sword       |    27 |       |       |       |       ||    27
         Dagger            |    34 |    64 |    94 |   333 |     1 ||   526
         Punch             |       |       |     1 |     7 |     7 ||    15
         Demon whip        |       |       |       |       |   261 ||   261
  Throw: Dart              |       |     4 |     1 |    14 |       ||    19
   Cast: Freeze            |     4 |    11 |    12 |    93 |    90 ||   210
         Frozen Ramparts   |     4 |    10 |    24 |    97 |    74 ||   209
         Ozocubu's Armour  |       |     4 |    11 |    67 |    59 ||   141
         Summon Ice Beast  |       |       |     3 |    42 |    24 ||    69
         Ozocubu's Refrige |       |       |       |       |    65 ||    65
 Invoke: Call Merchant     |       |       |       |       |     3 ||     3
  Evoke: Wand              |       |       |    13 |    10 |    15 ||    38
    Use: Scroll            |     4 |       |    14 |     7 |     7 ||    32
         Potion            |       |     1 |     8 |       |     6 ||    15
   Stab: Sleeping          |     7 |     1 |     2 |     1 |     4 ||    15
         Paralysed         |       |     5 |    14 |    85 |    82 ||   186
         Distracted        |       |       |     2 |     1 |       ||     3
 Armour: Robe              |    28 |    34 |    51 |   228 |   135 ||   476
  Dodge: Dodged            |    32 |    45 |    55 |   404 |   218 ||   754

Table legend: (Time is in decaauts)
 A = Elapsed time spent in this place.
 B = Non-inter-level travel time spent in this place.
 C = Inter-level travel time spent in this place.
 D = Time resting spent in this place.
 E = Time spent auto-exploring this place.
 F = Levels seen in this place.
 G = Mean time per level.
                   A        B        C        D        E       F      G
               +--------+--------+--------+--------+--------+-----+--------+
         Total |  26647 |  25724 |    923 |   6751 |  13878 |  21 | 1268.9 |
       Dungeon |  12489 |  11944 |    545 |   2045 |   7641 |  12 | 1040.8 |
        Temple |     92 |     84 |      8 |      0 |      0 |   1 |   92.0 |
          Lair |  10254 |  10008 |    246 |   3430 |   4978 |   5 | 2050.8 |
  Orcish Mines |   3161 |   3038 |    123 |   1027 |   1205 |   2 | 1580.5 |
        Bailey |    650 |    650 |      0 |    247 |     53 |   1 |  650.0 |
               +--------+--------+--------+--------+--------+-----+--------+

Top non-repeatable levels by time:
  Lair:5: 4035 daAuts
  Lair:4: 2063 daAuts
  Lair:2: 1732 daAuts
   Orc:1: 1654 daAuts
   Orc:2: 1507 daAuts
     D:6: 1385 daAuts
     D:9: 1364 daAuts
     D:8: 1288 daAuts
  Lair:3: 1230 daAuts
  Lair:1: 1191 daAuts
    D:10: 1164 daAuts
    D:11: 1147 daAuts
     D:4: 1100 daAuts
    D:12: 1086 daAuts
     D:7: 989 daAuts
